AoeStats
← Desert_Prince

Arabia

509887259Analyzed
1v1 RM · 4d ago on Sep 28, 2026· 13m 35s· 2 players
Game mode
Random Map
Map size
Tiny (2 player)
Population
200
Speed
Normal
Resources
Standard
Victory
Conquest
Starting age
Dark Age
Ending age
Imperial Age
RankedLock teamsTeams togetherTeam positionsShared explorationLock speedFull tech treeHidden civsTurbo modeCheats
Victory
Defeat
🇨🇳 Armenians · China
1807
+15
🇲🇦 Koreans · Morocco
1790
-15
Desert_Prince
6:32 Loom
8:45 Feudal Age
9:18 Double-Bit Axe
12:59 Fletching
她说我闷骚
6:06 Loom
8:46 Feudal Age
8:59 Man-at-Arms
12:34 Arson
Connection lost

Rejoining the realm…

Still unreachable

The connection could not be restored.

Session expired

The server has moved on; the page needs a fresh start.